Map: 新柯尔克辖区 - 锦标赛版 (虚空)

Players

iGXY (XY) - Winner!

  • Race: Terran Terran
  • Spawn Location: 5:00

Erik

  • Race: Zerg Zerg
  • Spawn Location: 7:00

Event: WESG 2016 Finals

VOD

Have the link to the VOD?

Description

Time

  • Played on: Jan. 11, 2017, 10:17 p.m.
  • Length: 15:47

All games in this series

Show
View Real Time Build Order
Export as new Build Order

iGXY Terran - Winner!

Build Orders: Reaper Expand, Banshee Rush 

Get SALT Encoding   

  12  0:00  SCV  
  13  0:13  SCV  
  14  0:17  Supply Depot  
  14  0:25  SCV  
  15  0:39  SCV  
  15  0:40  Barracks  
  16  0:44  Refinery  
  16  0:51  SCV  
  17  1:03  SCV  
  18  1:15  SCV  
  19  1:27  Orbital Command, Reaper  
  20  1:41  Command Center  
  20  1:53  SCV  
  21  1:56  Supply Depot  
  21  1:58  Marine  
  22  2:05  SCV  
  22  2:08  Factory  
  23  2:12  Refinery  
  23  2:17  SCV  
  23  2:21  Barracks Reactor  
  25  2:30  SCV  
  25  2:42  SCV  
  26  2:52  Starport  
  26  2:54  SCV, Orbital Command  
  27  3:02  Hellion x2  
  31  3:06  SCV  
  32  3:13  Barracks Tech Lab  
  32  3:18  SCV  
  33  3:21  SCV  
  33  3:23  Hellion  
  33  3:24  Hellion  
  38  3:30  SCV  
  38  3:33  SCV  
  40  3:37  Cloaking Field, Supply Depot, Banshee  
  43  3:42  SCV  
  43  3:46  SCV  
  45  3:49  Barracks Tech Lab  
  45  3:54  SCV  
  46  3:58  SCV  
  46  4:01  Supply Depot  
  47  4:06  SCV  
  48  4:10  SCV  
  48  4:15  Marine  
  50  4:18  SCV  
  50  4:20  Banshee  
  50  4:23  SCV  
  54  4:31  SCV, Command Center  
  54  4:35  SCV  
  55  4:43  SCV  
  57  4:47  SCV, Supply Depot  
  57  4:52  Refinery x2  
  57  4:55  SCV, Armory  
  57  4:56  Armory  
  57  4:59  SCV  
  59  5:03  Viking  
  61  5:07  SCV  
  61  5:08  Supply Depot  
  61  5:11  SCV  
  63  5:19  SCV, Supply Depot  
  66  5:23  SCV, Cyclone  
  68  5:29  Cyclone  
  68  5:31  SCV  
  68  5:32  Supply Depot  
  68  5:35  SCV  
  73  5:43  SCV  
  73  5:45  Terran Vehicle Weapons Level 1, Orbital Command, Terran Vehicle And Ship Armor Level 1  
  73  5:47  SCV  
  75  5:55  SCV  
  76  5:57  Factory  
  76  5:59  SCV  
  76  6:01  Hellion, Supply Depot  
  76  6:02  Hellion  
  81  6:05  Factory  
  81  6:07  SCV, Orbital Command  
  82  6:11  SCV  
  82  6:17  Engineering Bay  
  83  6:19  SCV, Supply Depot  
  83  6:20  Refinery  
  83  6:23  Cyclone x2  
  83  6:24  SCV  
  91  6:28  Refinery  
  91  6:32  SCV  
  90  6:36  SCV  
  91  6:41  Hellion  
  91  6:44  SCV  
  94  6:48  SCV  
  94  6:51  Cyclone  
  94  6:52  Supply Depot  
  94  6:53  Supply Depot  
  98  6:55  Cyclone  
  98  6:56  Hellion, SCV  
  98  6:57  Supply Depot  
  98  7:00  SCV  
  105  7:06  Thor  
  105  7:08  SCV  
  112  7:11  SCV  
  112  7:12  SCV  
  114  7:19  Supply Depot  
  114  7:20  SCV  
  114  7:21  Supply Depot  
  115  7:23  SCV  
  115  7:24  SCV  
  115  7:28  Command Center  
  117  7:32  SCV  
  117  7:36  Thor  
  124  7:37  SCV  
  124  7:39  SCV  
  126  7:44  SCV, Terran Vehicle Weapons Level 2, Terran Vehicle And Ship Armor Level 2  
  126  7:45  Supply Depot  
  126  7:50  SCV, Missile Turret  
  128  7:51  SCV, Starport Reactor  
  128  7:52  Missile Turret  
  128  7:54  Thor  
  135  8:00  SCV  
  135  8:02  SCV  
  135  8:03  SCV  
  136  8:08  Supply Depot  
  136  8:09  Cyclone x2  
  142  8:13  SCV, Factory  
  142  8:14  Hellion x7, SCV  
  142  8:16  SCV  
  145  8:23  Missile Turret  
  145  8:24  Missile Turret  
  145  8:25  SCV  
  145  8:26  SCV  
  147  8:27  Thor  
  147  8:29  Viking  
  147  8:31  SCV  
  157  8:53  Refinery  
  156  8:57  Siege Tank  
  156  8:58  Refinery, Hellion x2, Sensor Tower  
  156  8:59  Factory Tech Lab, Missile Turret  
  156  9:01  Factory  
  163  9:05  Infernal Pre-Igniter  
  163  9:10  Cyclone  
  163  9:16  Planetary Fortress  
  166  9:19  Hellion  
  166  9:21  Command Center x2  
  168  9:26  Siege Tank  
  170  9:35  Supply Depot  
  170  9:45  Factory, Factory Reactor  
  170  9:47  Factory, Supply Depot  
  170  9:57  Thor x2  
  182  10:06  Hellion x2  
  178  10:16  Siege Tank  
  181  10:25  Terran Vehicle Weapons Level 3  
  181  10:32  Viking x2  
  185  10:40  Siege Tank  
  185  10:45  Siege Tank  
  185  10:48  Factory Reactor, Starport  
  185  10:49  Factory Reactor  
  185  10:55  Siege Tank  
  183  11:08  Viking  
  154  11:12  Refinery, Cyclone x2, Siege Tank  
  154  11:13  Hellion x2  
  154  11:17  Hellion  
  162  11:19  Refinery  
  162  11:21  Viking  
  162  11:23  Orbital Command  
  161  11:27  Orbital Command  
  161  11:28  Hellion  
  161  11:35  Terran Vehicle And Ship Armor Level 3  
  161  11:36  Hellion x3  
  161  11:37  Hellion  
  169  11:45  Viking  
  171  11:50  Siege Tank x2  
  171  11:51  Viking  
  179  12:00  Cyclone x2  
  188  12:01  Cyclone  
  188  12:03  Cyclone  
  191  12:09  Cyclone x2  
  191  12:15  Viking  
  199  12:28  Command Center  
  199  12:36  Starport  
  197  12:38  Starport  
  193  12:45  Viking  
  193  12:46  Viking  
  193  12:54  Missile Turret  
  193  12:56  Missile Turret  
  193  12:59  SCV, Cyclone x2  
  197  13:08  Cyclone x2  
  186  13:16  Factory, Cyclone x2  
  186  13:19  Terran Ship Weapons Level 1, Starport Tech Lab  
  191  13:30  Siege Tank x2  
  197  13:37  Liberator  
  194  13:54  Missile Turret  
  190  14:01  Orbital Command  
  190  14:02  Siege Tank x2  
  166  14:12  SCV x2  
  166  14:16  SCV  
  164  14:17  SCV  
  162  14:24  SCV  
  162  14:28  SCV x2  
  162  14:29  SCV  
  155  14:42  Orbital Command  
  155  14:45  Cyclone x4  
  158  14:46  Cyclone  
  158  14:50  Cyclone x2  
  146  14:56  Cyclone  
  146  14:59  Cyclone  
  149  15:01  Cyclone  
  132  15:32  SCV  
  139  15:46  Refinery  
Show
View Real Time Build Order
Export as new Build Order

Erik Zerg 

Build Orders: Hatch First, Swarm Host 

Get SALT Encoding   

  12  0:01  Drone  
  13  0:14  Overlord  
  13  0:18  Drone  
  14  0:32  Drone x2  
  16  0:36  Drone  
  17  0:53  Hatchery  
  17  0:57  Drone  
  17  1:00  Drone  
  17  1:02  Extractor  
  17  1:16  Spawning Pool  
  17  1:18  Drone  
  17  1:22  Drone  
  18  1:29  Drone  
  19  1:40  Drone  
  20  1:51  Overlord  
  20  2:02  Metabolic Boost, Queen  
  20  2:05  Queen  
  20  2:07  Zergling x2  
  25  2:11  Zergling x2  
  26  2:21  Drone x2  
  28  2:25  Drone  
  28  2:28  Drone  
  30  2:34  Drone  
  31  2:39  Drone  
  31  2:41  Queen  
  34  2:45  Drone  
  34  2:49  Drone  
  36  2:51  Evolution Chamber  
  35  3:06  Drone, Hatchery  
  34  3:14  Drone  
  34  3:19  Drone  
  36  3:20  Overlord  
  36  3:21  Overlord  
  36  3:27  Zerg Ground Armor Level 1  
  36  3:39  Drone x3  
  36  3:40  Zergling x6  
  42  3:50  Drone x2  
  42  3:51  Drone x2  
  42  3:54  Baneling Nest  
  45  4:00  Drone, Spine Crawler  
  45  4:01  Drone  
  46  4:08  Zergling x6  
  49  4:18  Drone  
  49  4:19  Lair  
  49  4:23  Spore Crawler  
  49  4:25  Drone, Spore Crawler  
  49  4:26  Drone x2  
  50  4:33  Drone x2  
  50  4:34  Queen  
  53  4:44  Zergling x4  
  53  4:45  Zergling x6  
  58  4:47  Overlord  
  58  4:54  Extractor  
  57  5:01  Overlord  
  57  5:04  Queen  
  59  5:08  Drone  
  59  5:09  Spore Crawler  
  59  5:12  Drone x2  
  59  5:13  Evolution Chamber  
  59  5:15  Drone  
  59  5:18  Drone x2  
  59  5:19  Extractor  
  59  5:20  Overlord  
  61  5:25  Drone, Overseer  
  61  5:32  Zergling x4  
  61  5:33  Zergling x10  
  68  5:37  Drone x2  
  70  5:43  Queen  
  70  5:47  Queen  
  74  5:50  Drone x2  
  74  5:51  Drone  
  74  5:53  Zerg Melee Weapons Level 1  
  77  5:58  Overlord  
  77  5:59  Overlord  
  77  6:03  Centrifical Hooks  
  77  6:14  Overlord  
  77  6:15  Zerg Ground Armor Level 2  
  77  6:28  Drone x10  
  87  6:34  Drone x4  
  87  6:38  Roach Warren  
  87  6:49  Zergling x8  
  87  6:53  Queen  
  93  6:55  Spire, Extractor  
  93  6:58  Drone x2  
  93  6:59  Drone x2  
  93  7:01  Drone  
  96  7:04  Extractor  
  96  7:08  Overlord x2  
  95  7:10  Queen  
  97  7:19  Overlord  
  97  7:21  Glial Reconstitution  
  97  7:26  Queen  
  99  7:32  Drone x2  
  99  7:33  Drone x4  
  103  7:46  Extractor  
  103  7:50  Baneling x2  
  103  7:51  Baneling x5  
  102  7:56  Infestation Pit  
  97  7:58  Hatchery  
  97  8:05  Drone x9  
  91  8:12  Spine Crawler  
  89  8:17  Drone x6  
  90  8:31  Zerg Missile Weapons Level 1  
  89  8:35  Roach  
  89  8:36  Roach x5  
  89  8:40  Hive  
  101  8:45  Roach x2  
  101  8:46  Roach  
  107  8:51  Drone  
  107  8:52  Roach  
  110  9:05  Roach x5  
  110  9:07  Pneumatized Carapace, Overlord x3  
  110  9:08  Overlord x4  
  120  9:11  Hydralisk Den  
  119  9:27  Drone x7  
  126  9:32  Drone x3  
  129  9:40  Drone x7  
  129  9:41  Overseer  
  129  9:44  Extractor  
  129  9:45  Muscular Augments  
  135  9:46  Extractor  
  135  9:51  Overlord  
  134  9:53  Viper x4  
  146  10:02  Roach x7  
  159  10:11  Ravager x2  
  159  10:12  Ravager x3  
  162  10:18  Roach x5  
  172  10:34  Roach  
  172  10:35  Roach x7  
  192  10:37  Hatchery  
  192  10:40  Zerg Missile Weapons Level 2  
  192  10:41  Hatchery  
  192  10:42  Overlord  
  184  10:45  Overlord  
  184  10:52  Overlord  
  184  10:54  Overlord  
  159  11:20  Viper  
  159  11:21  Viper  
  159  11:23  Roach x9  
  179  11:39  Swarm Host x3  
  184  11:46  Hatchery  
  183  11:54  Swarm Host x4  
  183  11:55  Swarm Host  
  183  11:57  Extractor  
  197  12:02  Extractor, Spine Crawler x2  
  197  12:03  Spore Crawler  
  193  12:09  Hydralisk x3  
  199  12:24  Zerg Ground Armor Level 3  
  199  12:42  Drone x2  
  194  12:46  Hydralisk x3  
  188  13:24  Hydralisk x2  
  188  13:25  Hydralisk x6  
  135  14:04  Hydralisk x17  
  135  14:05  Hydralisk x13  
  175  14:15  Hydralisk x2  
  156  14:32  Hydralisk x4  
  156  14:36  Hatchery  
  151  14:47  Hatchery  
  103  14:55  Hydralisk  
  103  14:56  Hydralisk x2  
  44  15:40  Hatchery  
Tags
 
Add a new tag
Caveats
  • Supply blocks, unpowered buildings, or Contaminate may cause inaccurate times.
  • Supply counts are checked every 10 seconds.